 Dungeon Crawl Stone Soup version 0.28.0 (webtiles) character file.

Game seed: 9419598811614346027

6122 Discosetron the Thaumaturge (level 11, -20/68 (76) HPs)
             Began as a Djinni Earth Elementalist on Feb 16, 2022.
             Was a Believer of Makhleb.
             Killed from afar by an orc sorcerer (35 damage)
             ... with a bolt of negative energy
             ... on level 1 of the Orcish Mines.
             The game lasted 00:14:25 (11198 turns).

Discosetron the Thaumaturge (DjEE)                 Turns: 11198, Time: 00:14:25

HP:   -20/68 (76)   AC:  7    Str:  9    XL:     11   Next: 12%
Gold: 544           EV: 12    Int: 21    God:    Makhleb [**....] SH:  9 Dex: 20

rFire   + + .      SeeInvis .   a - +0 short sword
rCold   x . .      Faith    .   F - +0 kite shield
rNeg    . . .      Spirit   .   b - +0 robe
rPois   ∞          Reflect  .   A - +0 helmet
rElec   .          Harm     .   m - +0 cloak
rCorr   .          Rampage  .   j - +2 pair of gloves
Will    +....                   (boots unavailable)
Stlth   ++........              (no amulet)
HPRegen 0.21/turn               v - +6 ring of dexterity
MPRegen 0.00/turn               (no ring)

@: flying, heavily drained
A: sickness immunity, fire resistance 2, cold vulnerability 1, float, innate
caster, HP casting, extra vitality 1, strong 1
a: Renounce Religion, Minor Destruction


You were on level 1 of the Orcish Mines.
You worshipped Makhleb.
Makhleb was pleased with you.
You visited 3 branches of the dungeon, and saw 11 of its levels.

You collected 544 gold pieces.

Inventory:

Hand Weapons
 a - a +0 short sword (weapon)
Missiles
 c - 233 stones
Armour
 b - a +0 robe (worn)
 j - a +2 pair of gloves (worn)
 m - a +0 cloak (worn)
 A - a +0 helmet (worn)
 F - a +0 kite shield (worn)
Jewellery
 v - a +6 ring of dexterity (left hand)
Wands
 n - a wand of paralysis (4)
 w - a wand of acid (12)
 C - a wand of iceblast (10)
Scrolls
 d - 2 scrolls of identify
 e - a scroll of vulnerability
 f - 3 scrolls of teleportation
 g - 4 scrolls of immolation
 h - 3 scrolls of holy word
 o - 2 scrolls of blinking {unknown}
 p - 4 scrolls of enchant weapon {unknown}
 q - 2 scrolls of fear {unknown}
 y - 2 scrolls of enchant armour {unknown}
 z - 4 scrolls of noise {unknown}
Potions
 i - 2 potions of might {unknown}
 k - a potion of berserk rage
 l - a potion of flight
 r - 2 potions of resistance {unknown}
 s - 2 potions of invisibility
 t - 2 potions of lignification
 u - a potion of degeneration {unknown}
 x - 2 potions of haste
 B - 2 potions of heal wounds
 D - 2 potions of cancellation {unknown}
 E - a potion of mutation


   Skills:
 * Level 5.3 Fighting
 + Level 3.5 Dodging
 - Level 1.5 Stealth
 * Level 2.5 Shields
 + Level 11.5 Spellcasting


You had 9 spell levels left.
You knew the following spells:

 Your Spells              Type           Power      Damage    Failure   Level
a - Stone Arrow           Conj/Erth      100%       3d13      1%          3
b - Scorch                Fire           100%       2d10      1%          2
c - Foxfire               Conj/Fire      100%       2x1d9     1%          1
d - Petrify               Tmut/Erth      57%        N/A       1%          4
e - Sandblast             Erth           100%       2d20      1%          1
f - Ignite Poison         Fire/Tmut/Pois 57%        N/A       1%          3
g - Fulminant Prism       Conj/Hex       28%        3d14      1%          4
n - Iskenderun's Mystic   Conj/Tloc      57%        2d12      1%          4
p - Passwall              Tmut/Erth      47%        N/A       1%          2
Your spell library was empty.

Dungeon Overview and Level Annotations

Branches:
Dungeon (9/15)             Temple (1/1) D:5            Lair (0/6) D:8
    Orc (1/2) D:9

Altars:
Ashenzari
Cheibriados
Elyvilon
Fedhas
Gozag
Hepliaklqana
Kikubaaqudgha
Makhleb
Okawaru
Qazlal
Sif Muna
Trog
Uskayaw
Vehumet
Wu Jian
Xom
Yredelemnul
Zin
The Shining One

Shops:
D:9 [(


Innate Abilities, Weirdness & Mutations

You are immune to sickness and miasma.
You are immune to poison.
Your flesh is very heat resistant. (rF++)
You are vulnerable to cold. (rC-)
You float through the air rather than walking.
You learn spells naturally, not from books.
Your magical power is your life essence.
You have superior vitality. (+4 MHP)
Your muscles are strong. (Str +2)


Message History

The orc sorcerer is severely wounded.
Casting: Foxfire (safe; 1% risk of failure)
Confirm with . or Enter, or press ? or * to list all spells.
You conjure some foxfire!
The foxfire hits the orc sorcerer.
The orc sorcerer is severely wounded.
The foxfire hits the orc sorcerer but does no damage.
The orc sorcerer is severely wounded.
Casting: Foxfire (safe; 1% risk of failure)
Confirm with . or Enter, or press ? or * to list all spells.
You conjure some foxfire!
The foxfire hits the orc sorcerer but does no damage.
The orc sorcerer is severely wounded.
The foxfire hits the orc sorcerer.
The orc sorcerer is severely wounded.
The foxfire hits the orc sorcerer.
The orc sorcerer is almost dead.
The orc sorcerer points at you and mumbles some strange words.
You suddenly lose the ability to move!
The foxfire hits the ice devil but does no damage.
The foxfire hits the orc sorcerer but does no damage.
The orc sorcerer is almost dead.
The orc sorcerer hits you with a +1 dagger of distortion.
You blink.
Found 21 gold pieces.
The orc sorcerer casts a spell at you. The bolt of negative energy hits you!!
You feel drained.
* * * LOW HITPOINT WARNING * * *
You can move again.
Casting: Foxfire (safe; 1% risk of failure)
Confirm with . or Enter, or press ? or * to list all spells.
Aiming: Stone Arrow (safe; 1% risk of failure)
Press: ? - help, Shift-Dir - straight line, f - orc sorcerer
Aim: an orc sorcerer, wielding a +1 dagger of distortion and wearing a +2 robe of positive energy (severely wounded, 72% to hit)
The stone arrow misses the orc sorcerer.
* * * LOW HITPOINT WARNING * * *
The orc sorcerer casts a spell at you.
The bolt of negative energy hits the ice devil.
The ice devil completely resists.
The bolt of negative energy hits you!!
You feel drained.
Ouch! That really hurt!
You die...

..... .......
..... .......
...... .....$#
$.......##.....$.
.........#...... .
..........#.......
$.....).....#.....
#..))).)4@..$...^
.##....)o.........
......).#.#...##.
##..#............
#....#....#.#....
##....<..#.......
###.#.####.##.##
##### # #


You could see an ice devil (summoned) and an orc sorcerer.

Vanquished Creatures
  A two-headed ogre (D:9)
  Pikel (D:7)
  A troll (D:9)
  Prince Ribbit (D:9)
  A shadow (D:9)
  2 vampire mosquitoes (D:6)
  Menkaure (D:7)
  Duvessa (D:4)
  8 orc warriors
  A sky beast (D:7)
  2 ice beasts
  2 black bears
  A necrophage (D:4)
  3 centaurs
  2 phantoms
  5 bullfrogs
  3 kobold brigands
  4 lemures (D:7)
  2 scorpions
  2 gnoll sergeants
  A water moccasin zombie (D:5)
  Dowan (D:4)
  6 killer bees (D:9)
  A howler monkey (D:5)
  3 hounds
  3 centaur zombies
  2 orc priests
  2 centaur skeletons
  A bullfrog skeleton (D:5)
  A gnoll shaman (D:6)
  An iguana (D:5)
  10 orc wizards
  A howler monkey zombie (D:9)
  8 gnolls (D:6)
  7 adders
  An ufetubus (D:5)
  2 dart slugs (D:2)
  37 orcs
  6 ball pythons
  5 endoplasms
  A giant cockroach (D:1)
  5 goblins
  8 hobgoblins
  3 quokkas (D:4)
  7 bats
  2 frilled lizards
  16 kobolds
  3 rats
188 creatures vanquished.

Vanquished Creatures (collateral kills)
  4 foxfires (D:2)
4 creatures vanquished.

Vanquished Creatures (others)
  A human (D:4)
  577 foxfires
  10 fulminant prisms
588 creatures vanquished.

Grand Total: 780 creatures vanquished

Notes
Turn   | Place    | Note
-------+----------+-------------------------------------------
     0 | D:1      | Discosetron the Djinni Earth Elementalist began the quest
                  | for the Orb.
     0 | D:1      | Reached XP level 1. HP: 15/15 MP: 0/0
   314 | D:1      | Reached XP level 2. HP: 21/21 MP: 0/0
   629 | D:1      | Reached skill level 3 in Spellcasting
  1092 | D:1      | Reached XP level 3. HP: 17/25 MP: 0/0
  1092 | D:1      | Learned a level 1 spell: Foxfire
  1860 | D:2      | Reached XP level 4. HP: 28/31 MP: 0/0
  2399 | D:2      | Found a faded altar of an unknown god.
  2626 | D:3      | Reached skill level 4 in Spellcasting
  3179 | D:3      | Found a glowing golden altar of the Shining One.
  3347 | D:3      | Found a blossoming altar of Fedhas.
  3485 | D:4      | Reached XP level 5. HP: 31/35 MP: 0/0
  3485 | D:4      | Learned a level 2 spell: Scorch
  3485 | D:4      | Noticed Duvessa
  3487 | D:4      | Noticed Dowan
  3493 | D:4      | Killed Duvessa
  3494 | D:4      | Reached XP level 6. HP: 28/40 MP: 0/0
  3501 | D:4      | Killed Dowan
  3502 | D:4      | Reached skill level 5 in Spellcasting
  3844 | D:4      | Noticed a necrophage
  3852 | D:4      | Killed a necrophage
  3853 | D:4      | Reached XP level 7. HP: 38/45 MP: 0/0
  3853 | D:4      | Learned a level 3 spell: Ignite Poison
  3908 | D:4      | Noticed a human
  3910 | D:4      | Killed a human
  4040 | D:4      | Found a bloodstained altar of Trog.
  4179 | D:4      | Reached skill level 6 in Spellcasting
  4506 | D:5      | Entered Level 5 of the Dungeon
  4713 | D:5      | Reached XP level 8. HP: 37/50 MP: 0/0
  4752 | D:5      | Reached skill level 7 in Spellcasting
  4996 | D:5      | Found a staircase to the Ecumenical Temple.
  5334 | Temple   | Entered the Ecumenical Temple
  5428 | Temple   | Became a worshipper of Makhleb the Destroyer
  5448 | D:5      | Found a glowing silver altar of Zin.
  5473 | D:5      | Found a white marble altar of Elyvilon.
  5586 | D:5      | Reached skill level 8 in Spellcasting
  5958 | D:6      | Reached skill level 1 in Fighting
  6228 | D:6      | Reached XP level 9. HP: 45/57 MP: 0/0
  6228 | D:6      | Learned a level 4 spell: Fulminant Prism
  6405 | D:6      | Reached skill level 9 in Spellcasting
  6801 | D:6      | Gained mutation: You have a pair of small antennae on your
                  | head. [potion of mutation]
  6801 | D:6      | Gained mutation: You are weak. (Str -2) [potion of
                  | mutation]
  6807 | D:6      | Lost mutation: You have a pair of small antennae on your
                  | head. [potion of mutation]
  6807 | D:6      | Lost mutation: You are weak. (Str -2) [potion of mutation]
  6807 | D:6      | Gained mutation: Your muscles are strong. (Str +2) [potion
                  | of mutation]
  8063 | D:7      | Noticed Menkaure
  8067 | D:7      | Killed Menkaure
  8068 | D:7      | Reached skill level 10 in Spellcasting
  8068 | D:7      | Reached XP level 10. HP: 61/67 MP: 0/0
  8159 | D:7      | Noticed Pikel
  8164 | D:7      | Killed Pikel
  8837 | D:8      | Reached * piety under Makhleb
  8878 | D:8      | Found a staircase to the Lair.
  9276 | D:8      | Found a shimmering altar of Xom.
  9938 | D:9      | Found a stormy altar of Qazlal.
 10084 | D:9      | Reached skill level 1 in Shields
 10086 | D:9      | Noticed Prince Ribbit
 10087 | D:9      | Reached skill level 11 in Spellcasting
 10089 | D:9      | Noticed a two-headed ogre
 10091 | D:9      | Killed Prince Ribbit
 10104 | D:9      | Killed a two-headed ogre
 10105 | D:9      | Reached skill level 5 in Fighting
 10105 | D:9      | Reached XP level 11. HP: 39/75 MP: 0/0
 10105 | D:9      | Learned a level 4 spell: Iskenderun's Mystic Blast
 10553 | D:9      | Reached ** piety under Makhleb
 10738 | D:9      | Found Nejaomew's Weapon Boutique.
 10863 | D:9      | Found a staircase to the Orcish Mines.
 10864 | D:9      | Found Gulo Wita's Armour Boutique.
 11155 | Orc:1    | Entered Level 1 of the Orcish Mines
 11184 | Orc:1    | Noticed an orc sorcerer
 11192 | Orc:1    | Paralysed by an orc sorcerer for 6 turns
 11198 | Orc:1    | Killed from afar by an orc sorcerer

Illustrated notes

Levels and vault maps discovered:
D:1:      dpeg_arrival_rooms_c, layout_basic
D:2:      layout_rooms, dreamdust_ecumenical_altar_statues, serial_bayou_pond_a
D:3:      layout_loops_ring, nicolae_tso_carved_into_rock, fedhas_altar_3,
          minmay_misc_feat_roman
D:4:      layout_basic, kennysheep_mini, tgw_kikubaaqudgha, minmay_unequal,
          uniq_duvessa
D:5:      layout_rooms, mainiacjoe_overflow_six_doors_small,
          mainiacjoe_overflow_tiny_flanked, temple_doors_ab,
          minmay_fractal_squares_5
D:6:      layout_loops_corners, glass_columns_b
D:7:      layout_basic, uniq_menkaure, uniq_pikel
D:8:      layout_basic, tgw_xom, lair_entry_dummy
D:9:      layout_basic, mainiacjoe_overflow_brackets,
          nicolae_qazlal_scattered_showers, orc_david_3, nrook_mini_backslash,
          uniq_prince_ribbit1
Temple:   compressed_dpeg_circular_temple
Orc:1:    layout_caves

Skill      XL: |  1  2  3  4  5  6  7  8  9 10 |
---------------+-------------------------------+-----
Spellcasting   | 3 4 5 6 8 10 11 | 11.5
Fighting       | 1 3 5 |  5.3
Dodging        | 3 |  3.5
Shields        | 2 |  2.5
Stealth        | |  1.5

Action                   |  1- 3 |  4- 6 |  7- 9 | 10-12 || total
-------------------------+-------+-------+-------+-------++-------
Melee: Short sword       |    59 |       |     2 |     1 ||    62
 Cast: Sandblast         |     5 |     3 |       |       ||     8
       Foxfire           |    33 |   102 |   126 |    76 ||   337
       Scorch            |       |     4 |    21 |       ||    25
       Stone Arrow       |       |       |    46 |    79 ||   125
       Fulminant Prism   |       |       |     6 |     4 ||    10
  Use: Scroll            |       |       |    11 |       ||    11
       Potion            |       |       |     6 |     1 ||     7
 Stab: Sleeping          |     2 |       |       |       ||     2
Armor: Robe              |    23 |     3 |    11 |     9 ||    46
Dodge: Dodged            |    60 |     1 |    23 |    19 ||   103
Block: Kite shield       |       |       |       |    14 ||    14
